 Dungeon Crawl Stone Soup version 0.20.1-1-g8b1a95d (webtiles) character file.

65 StormFighter the Ruffian (level 3, -2/28 HPs)
             Began as a Draconian Transmuter on July 10, 2017.
             Slain by Natasha (5 damage)
             ... on level 2 of the Dungeon.
             The game lasted 00:04:11 (1766 turns).

StormFighter the Ruffian (Draconian Transmuter)     Turns: 1766, Time: 00:04:11

Health: -2/28      AC:  7    Str: 12    XL:     3   Next: 92%
Magic:  4/6        EV: 12    Int: 14    God:
Gold:   96         SH:  0    Dex: 11    Spells: 3/6 levels left

rFire    . . .     SeeInvis .     - Unarmed
rCold    . . .     Gourm    .   (no shield)
rNeg     . . .     Faith    .   (armour unavailable)
rPois    .         Spirit   .   (helmet restricted)
rElec    .         Reflect  .   (no cloak)
rCorr    .         Harm     .   (no gloves)
MR       .....                  h - +1 pair of boots
Stlth    +.........             (no amulet)
Regen    0.1/turn               (no ring)
MPRegen  0.1/turn               (no ring)

@: slowed, very slow
A: unfitting armour, cold-blooded, AC +5
a: no special abilities


You were on level 2 of the Dungeon.
You were hungry.

You visited 1 branch of the dungeon, and saw 2 of its levels.

You collected 96 gold pieces.

Inventory:

Missiles
 a - 29 arrows
Armour
 h - a +1 pair of boots (worn)
Jewellery
 r - a cursed ring of loudness {unknown}
Scrolls
 d - 3 scrolls of immolation {unknown}
 e - 3 scrolls of remove curse {unknown}
 g - a scroll of identify {unknown}
 k - 2 scrolls of amnesia {unknown}
 n - 2 scrolls of teleportation {unknown}
 o - a scroll of random uselessness {unknown}
 q - a scroll of fog {unknown}
 s - a scroll of magic mapping {unknown}
Potions
 f - a potion of berserk rage {unknown}
 j - a potion of mutation {unknown}
 l - a potion of flight {unknown}
 m - a potion of curing {unknown}
Books
 b - a book of Changes

   Spells                             Type                      Level
   a - Beastly Appendage              Transmutation                1
   b - Sticks to Snakes               Transmutation                2
   c - Spider Form                    Transmutation/Poison         3
   d - Ice Form                       Ice/Transmutation            4
   e - Blade Hands                    Transmutation                5
Comestibles
 c - a bread ration
 i - a royal jelly
 p - 2 meat rations


   Skills:
 - Level 1.1 Fighting
 - Level 1.7 Dodging
 + Level 4.8 Unarmed Combat
 - Level 2.0 Spellcasting
 - Level 2.0 Transmutations


You had 3 spell levels left.
You knew the following spells:

 Your Spells              Type           Power        Failure   Level  Hunger
a - Beastly Appendage     Tmut           #.....       11%         1    ##.....
b - Sticks to Snakes      Tmut           #.......     16%         2    ###....


Dungeon Overview and Level Annotations

Branches:
Dungeon (2/15)

Altars:
Uskayaw

Annotations:
D:2 Natasha


Innate Abilities, Weirdness & Mutations

Your plain brown scales are hard. (AC +5)
You cannot fit into any form of body armour.
You are cold-blooded and may be slowed by cold attacks.


Message History

You hit Natasha.
Your tail-slap misses Natasha.
Natasha is severely wounded.
Natasha barely misses you. Natasha closely misses you.
Your magical contamination has completely faded away.
You barely miss Natasha.
Your tail-slap misses Natasha.
Natasha is severely wounded.
Natasha claws you but does no damage.
You hit Natasha but do no damage.
Natasha is severely wounded.
Natasha claws you.
* * * LOW HITPOINT WARNING * * *
You hit Natasha but do no damage.
Natasha is severely wounded.
Natasha claws you.
* * * LOW HITPOINT WARNING * * *
Natasha misses you.
You barely miss Natasha.
Natasha is severely wounded.
Natasha claws you.
You die...

#.......... #..........
#.......... #####
#.......... #...#
#........ #####.#.#
..5..
#.....#.#######h#######
##.....#.#......@......#
...........#....#.####.#
##....)....#.##...#
#.....#.#.#.###.....#
#.#.###.#.#.# #......
#.#.# #.#.#.. ..###.#
#.#.# #.#.#...... .#
#.#.###.#.#..##.# .
##.......#.#


You could see Natasha and a shadow imp.

Vanquished Creatures
  An ooze (D:1)
  2 worms (D:2)
  A dart slug (D:2)
  2 leopard geckos (D:1)
  An orc (D:2)
  4 giant cockroaches
  3 goblins
  9 hobgoblins
  6 jackals (D:2)
  2 kobolds (D:1)
  2 ball pythons (D:1)
  5 bats
  3 frilled lizards
  6 rats
47 creatures vanquished.

Notes
Turn   | Place    | Note
-------+----------+-------------------------------------------
     0 | D:1      | StormFighter the Draconian Transmuter began the quest for the Orb.
     0 | D:1      | Reached XP level 1. HP: 16/16 MP: 3/3
   308 | D:1      | Reached XP level 2. HP: 20/23 MP: 3/5
   475 | D:1      | Reached skill level 4 in Unarmed Combat
   769 | D:1      | Learned a level 2 spell: Sticks to Snakes
   902 | D:2      | Reached XP level 3. HP: 26/28 MP: 4/6
  1436 | D:2      | Found a hide-covered altar of Uskayaw.
  1741 | D:2      | Noticed Natasha
  1766 | D:2      | Slain by Natasha

Skill      XL: |  1  2 |
---------------+-------+-----
Unarmed Combat | 4 |  4.8
Fighting       | |  1.1
Dodging        | |  1.7
Spellcasting   | |  2.0
Transmutations | |  2.0

Action                   || total
-------------------------++-------
Melee: Unarmed           ||   151
       Tailslap          ||    14
       Headbutt          ||    13
 Cast: Beastly Appendage ||    25
       Sticks to Snakes  ||     4
 Stab: Sleeping          ||     1
  Eat: Chunk             ||     3
Armor: Skin              ||    41
Dodge: Dodged            ||    93
